 Dungeon Crawl Stone Soup version 0.18-a0-1805-g8ab820f (webtiles) character file.

263 warlockg3 the Ruffian (level 5, -14/41 HPs)
             Began as a Draconian Transmuter on Apr 26, 2016.
             Demolished by Duvessa
             ... wielding a +2 short sword of draining
              (18 damage)
             ... on level 4 of the Dungeon.
             The game lasted 00:23:28 (4592 turns).

warlockg3 the Ruffian (Draconian Transmuter)        Turns: 4592, Time: 00:23:28

Health: -14/41     AC: 11    Str: 13    XL:     5   Next: 98%
Magic:  7/9        EV: 16    Int: 19    God:
Gold:   153        SH:  0    Dex: 16    Spells: 3 memorised, 3 levels left

rFire  . . .     SeeInvis .     i - +4 quarterstaff (chaos)
rCold  . . .     Gourm    .     (armour unavailable)
rNeg   . . .     Faith    .     (shield currently unavailable)
rPois  +         Spirit   .     (helmet restricted)
rElec  .         Dismiss  .     l - +2 cloak {rPois}
rCorr  .         Reflect  .     (no gloves)
SustAt .         Harm     .     (no boots)
MR     .....                    (no amulet)
Stlth  ++........               (no ring)
                                f - +3 ring of protection

@: brilliant, agile, very heavily drained, not resistant to hostile
enchantments, unstealthy
A: unfitting armour, cold-blooded, AC +5
a: no special abilities


You were on level 4 of the Dungeon.
You were not hungry.

You visited 1 branch of the dungeon, and saw 4 of its levels.

You collected 153 gold pieces.

Inventory:

Hand Weapons
 d - a +0 mace
 e - a +2 dagger of venom
 i - a +4 quarterstaff of chaos (weapon)
 p - a +0 short sword
Missiles
 a - 39 arrows
Armour
 l - a +2 cloak of poison resistance (worn)
Jewellery
 f - a +3 ring of protection (left hand)
 k - a cursed ring of teleportation
Scrolls
 g - 7 scrolls of identify
Potions
 n - a potion of lignification {unknown}
 r - 2 potions of beneficial mutation {unknown}
 u - a potion of mutation {unknown}
Books
 b - a book of Changes

   Spells                             Type                      Level
   a - Beastly Appendage              Transmutation                1
   b - Sticks to Snakes               Transmutation                2
   c - Spider Form                    Transmutation/Poison         3
   d - Ice Form                       Ice/Transmutation            4
   e - Blade Hands                    Transmutation                5
 c - a book of Beasts

   Spells                             Type                      Level
   a - Summon Butterflies             Summoning                    1
   b - Call Canine Familiar           Summoning                    3
   c - Summon Ice Beast               Ice/Summoning                4
   d - Summon Mana Viper              Hexes/Summoning              5
   e - Summon Hydra                   Summoning                    7


   Skills:
 + Level 2.1(0.0) Fighting
 - Level 0.4(0.0) Short Blades
 * Level 1.1(0.0) Staves
 + Level 3.4(0.0) Dodging
 + Level 4.0(0.0) Unarmed Combat
 + Level 2.7(0.0) Spellcasting
 + Level 1.1(0.0) Summonings
 + Level 2.9(0.0) Transmutations


You had 3 spell levels left.
You knew the following spells:

 Your Spells              Type           Power        Failure   Level  Hunger
a - Beastly Appendage     Trmt           ##....       2%          1    ##.....
b - Sticks to Snakes      Trmt           ##......     3%          2    ###....
c - Call Canine Familiar  Summ           ##......     10%         3    ####...


Dungeon Overview and Level Annotations

Branches:
Dungeon (4/15)             Temple (0/1) D:4

Altars:

Annotations:
D:4 Duvessa


Innate Abilities, Weirdness & Mutations

Your plain brown scales are hard (AC +5).
Your body does not fit into most forms of armour.
You are cold-blooded and may be slowed by cold attacks.


Message History

Duvessa hits you with a short sword of draining.
You feel drained.
You barely miss Duvessa. Duvessa misses you. Duvessa closely misses you.
You barely miss Duvessa.
Duvessa hits you with a short sword of draining!
* * * LOW HITPOINT WARNING * * *
You feel drained.
* * * LOW HITPOINT WARNING * * *
The howler monkey hoots and howls with incredible vigour!
Duvessa barely misses you.
Drink which item? (? for menu, Esc to quit)
It was a potion of brilliance.
You feel clever all of a sudden. Duvessa hits you but does no damage.
You feel drained.
Drink which item? (? for menu, Esc to quit)
It was a potion of agility.
You feel agile all of a sudden. Duvessa hits you but does no damage.
You feel drained.
Duvessa hits you with a short sword of draining!!
You die...

*,**** #.####.#.#,* *,*
#,#.<#.#.#,* *,*****
*,#..#.#)#,* *,,,,,*
*,#.##.#.#,* *,,**,**
####,#....#.#,*
*,**,,,**###...,######.#,*
,**,,,,,*#....>,#......#,*
,*,,,,,,.###...##...####,*
,,,,,_,,......he@...# *,*
,*,,,,,,.###..Z#....# *,*
,**,,,,,** #$..#....# *,*
,,**,,,** #...#....# *,*
,,,**,** *#...#....#***,*
,,,,,,,* *...........,,,*
,,****,* #...Z##...###***
,,* *,* #...#*#...# ,,*
*,* ***,* *****


You could see Duvessa (berserk), a howler monkey (inner flame) and a giant frog
skeleton.

Vanquished Creatures
  Dowan (D:4)
  Crazy Yiuf (D:1)
  An iguana (D:4)
  A gnoll (D:1)
  3 adders
  An ooze (D:1)
  4 worms
  5 dart slugs
  2 giant geckos
  An orc (D:3)
  A ball python (D:3)
  8 bats
  3 giant cockroaches
  8 goblins
  10 hobgoblins
  7 jackals (D:1)
  2 quokkas
  6 giant newts
  14 kobolds
  6 rats
  2 plants (D:3)
87 creatures vanquished.

Vanquished Creatures (collateral kills)
  Jessica (D:2)
1 creature vanquished.

Vanquished Creatures (others)
  An orc wizard (D:4)
  4 orcs (D:4)
5 creatures vanquished.

Grand Total: 93 creatures vanquished

Notes
Turn   | Place    | Note
--------------------------------------------------------------
     0 | D:1      | warlockg3 the Draconian Transmuter began the quest for the Orb.
     0 | D:1      | Reached XP level 1. HP: 16/16 MP: 3/3
   209 | D:1      | Reached XP level 2. HP: 3/23 MP: 3/5
  1030 | D:1      | Reached XP level 3. HP: 28/28 MP: 4/6
  1238 | D:2      | Noticed Jessica
  1252 | D:1      | Learned a level 2 spell: Sticks to Snakes
  1448 | D:2      | Killed Jessica
  1495 | D:1      | Learned a level 3 spell: Call Canine Familiar
  1508 | D:1      | Reached XP level 4. HP: 25/35 MP: 5/7
  1650 | D:2      | Found a faded altar to an unknown god.
  1932 | D:2      | Reached skill level 1 in Summonings
  2848 | D:2      | Noticed Crazy Yiuf
  3100 | D:1      | Killed Crazy Yiuf
  3100 | D:1      | Reached XP level 5. HP: 17/41 MP: 2/9
  4092 | D:3      | Reached skill level 4 in Unarmed Combat
  4540 | D:4      | Noticed Dowan
  4540 | D:4      | Noticed Duvessa
  4565 | D:4      | Killed Dowan
  4565 | D:4      | Reached skill level 1 in Staves
  4592 | D:4      | Demolished by Duvessa

Vault maps used:
D:1:      matt_arrival_grand_opening
D:2:      ecumenical_altar_2, minmay_cupped, uniq_jessica,
          uniq_crazy_yiuf_cottage
D:3:      serial_bayou, serial_bayou_shore_a, serial_bayou_lake_a,
          serial_bayou_pond_a, serial_bayou_pond_c, serial_bayou_pond_d,
          st_stairs_3, kennysheep_generic_room_8
D:4:      lemuel_round_altar, grunt_temple_overflow_open,
          minmay_temple_entry_glassed_door, serial_shops, kennysheep_mini_moat,
          lightli_sewer_entry_pipes, lemuel_flame_loot_1, uniq_duvessa,
          uniq_blork_the_orc

Skill      XL: |  1  2  3  4  5 |
---------------+----------------+-----
Dodging        | 2 3 |  3.4
Summonings     | 1 |  1.1
Unarmed Combat | 4 |  4.0
Fighting       | 2 |  2.1
Staves         | 1 |  1.1
Short Blades   | |  0.4
Spellcasting   | |  2.7
Transmutations | |  2.9

Action                   |  1- 3 |  4- 6 || total
-------------------------+-------+-------++-------
Melee: Unarmed           |   135 |    96 ||   231
       Tailslap          |     9 |    20 ||    29
       Kick              |     2 |     3 ||     5
       Headbutt          |     2 |     4 ||     6
       Punch             |     3 |     1 ||     4
       Dagger            |       |     9 ||     9
       Quarterstaff      |       |   110 ||   110
 Cast: Beastly Appendage |     8 |     6 ||    14
       Sticks to Snakes  |     3 |     7 ||    10
       Call Canine Famil |       |     3 ||     3
  Use: Scroll            |       |     8 ||     8
       Potion            |       |     5 ||     5
 Stab: Distracted        |       |     1 ||     1
  Eat: Bread ration      |     1 |     2 ||     3
       Chunk             |     1 |     1 ||     2
Armor: Skin              |    81 |    80 ||   161
Dodge: Dodged            |   157 |   122 ||   279
